 Dungeon Crawl Stone Soup version 0.21-a0-442-g848f44b (webtiles) character file.

354 zero the Chopper (level 6, -2/39 HPs)
             Began as a Gargoyle Berserker on Nov 14, 2017.
             Was a Priest of Trog.
             Slain by a centaur (5 damage)
             ... on level 5 of the Dungeon.
             The game lasted 00:03:32 (3599 turns).

zero the Chopper (Gargoyle Berserker)               Turns: 3599, Time: 00:03:32

Health: -2/39      AC: 13    Str: 22    XL:     6   Next: 63%
Magic:  6/6        EV:  8    Int:  8    God:    Trog [***...]
Gold:   40         SH:  0    Dex:  9    Spells: 5/5 levels left

rFire    . . .     SeeInvis .   a - +0 hand axe
rCold    + . .     Gourm    .   (no shield)
rNeg     + . .     Faith    .   t - +0 chain mail
rPois    ∞         Spirit   .   (no helmet)
rElec    +         Reflect  .   (no cloak)
rCorr    .         Harm     .   (no gloves)
MR       .....                  (no boots)
Stlth    ..........             (no amulet)
HPRegen  0.13/turn              d - ring of protection from cold
MPRegen  0.10/turn              k - ring of loudness (curse)

@: berserk cooldown, slowed, very slow
A: negative energy resistance 1, electricity resistance, unbreathing,
petrification resistance, rot immunity, AC +4
a: Berserk, Trog's Hand, Burn Spellbooks, Renounce Religion


You were on level 5 of the Dungeon.
You worshipped Trog.
Trog was most pleased with you.
You were hungry.

You visited 1 branch of the dungeon, and saw 5 of its levels.

You collected 134 gold pieces.
You spent 94 gold pieces at shops.

Inventory:

Hand Weapons
 a - a +0 hand axe (weapon)
 n - a +0 hand crossbow
Missiles
 s - 2 steel tomahawks (quivered)
Armour
 t - a +0 chain mail (worn)
Jewellery
 d - a ring of protection from cold (left hand)
 k - a cursed ring of loudness (right hand)
Scrolls
 e - 2 scrolls of enchant weapon {unknown}
 f - a scroll of blinking {unknown}
 g - 4 scrolls of amnesia {unknown}
 j - 3 scrolls of teleportation {unknown}
 p - 3 scrolls of identify {unknown}
 v - a scroll of remove curse {unknown}
 w - a scroll of enchant armour {unknown}
Potions
 b - a potion of brilliance {unknown}
 i - 2 potions of resistance {unknown}
 l - a potion of curing {unknown}
 m - a potion of cancellation {unknown}
 o - a potion of agility {unknown}
 q - a potion of haste {unknown}
 r - a potion of flight {unknown}
 u - a potion of lignification {unknown}
Comestibles
 c - 5 bread rations
 h - 6 fruits


   Skills:
 + Level 4.5 Fighting
 + Level 5.3 Axes
 + Level 3.8 Armour
 - Level 1.5 Dodging


You had 5 spell levels left.
You didn't know any spells.

Dungeon Overview and Level Annotations

Branches:
Dungeon (5/15)
 Temple: D:4-7

Altars:
Cheibriados
Elyvilon
Fedhas
Nemelex Xobeh
Uskayaw

Shops:
D:4 [

Annotations:
D:5 Blork the orc


Innate Abilities, Weirdness & Mutations

You are resistant to torment.
Your stone body is resilient. (AC +4)
You are immune to poison.
You resist negative energy. (rN+)
You are resistant to electric shocks. (rElec)
You can survive without breathing.
You are immune to petrification.
You are immune to rotting.


Message History

The centaur wields an uncursed shortbow.
The centaur shoots an arrow.
The arrow hits you.
* * * LOW HITPOINT WARNING * * *
You see here an arrow.
You feel a strong urge to attack something.
You are no longer berserk.
You are exhausted.
You feel yourself slow down.
The centaur shoots an arrow.
The arrow closely misses you.
Blork the orc gestures at you while chanting.
The puff of flame hits you!
* * * LOW HITPOINT WARNING * * *
There is a stone staircase leading up here.
You see here an arrow.
The worker ant zombie bites you.
* * * LOW HITPOINT WARNING * * *
The worker ant zombie bites you but does no damage.
The centaur unwields an uncursed shortbow.
The centaur hits you.
You die...

.. #.# #.# #.#
#.#
######.#######.#
#.......Z@.....#
#.....†(c.###..#
#.....o(s.#
#.....†...#
#..Y......#
....###.#### .Y.
#.# .. #O# . #.#


You could see Blork the orc, an ice beast (wandering), an ogre, a centaur, a
scorpion and a worker ant zombie.

Vanquished Creatures
  2 howler monkeys (D:5)
  An orc priest (D:3)
  3 worker ants
  3 gnolls (D:3)
  5 adders
  A river rat (D:4)
  An ooze (D:2)
  2 worms
  A dart slug (D:2)
  3 leopard geckos
  5 orcs
  9 bats
  2 giant cockroaches
  8 goblins
  6 hobgoblins
  2 jackals (D:2)
  2 quokkas
  2 ball pythons
  8 frilled lizards
  10 kobolds
  5 rats
81 creatures vanquished.

Notes
Turn   | Place    | Note
-------+----------+-------------------------------------------
     0 | D:1      | zero the Gargoyle Berserker began the quest for the Orb.
     0 | D:1      | Reached XP level 1. HP: 14/14 MP: 1/1
   271 | D:1      | Reached skill level 3 in Axes
   304 | D:1      | Reached XP level 2. HP: 19/19 MP: 2/2
   859 | D:2      | Reached XP level 3. HP: 18/23 MP: 3/3
   884 | D:2      | Reached ** piety under Trog
  1036 | D:2      | Reached skill level 4 in Axes
  1520 | D:2      | Found a sparkling altar of Nemelex Xobeh.
  1693 | D:2      | Reached XP level 4. HP: 28/28 MP: 4/4
  2230 | D:3      | Reached XP level 5. HP: 31/32 MP: 5/5
  2487 | D:4      | Found a blossoming altar of Fedhas.
  2487 | D:4      | Found a snail-covered altar of Cheibriados.
  2487 | D:4      | Found a white marble altar of Elyvilon.
  2487 | D:4      | Found a hide-covered altar of Uskayaw.
  2525 | D:4      | Found Hiutef's Antique Armour Boutique.
  2530 | D:4      | Bought a chain mail for 94 gold pieces
  2624 | D:4      | Reached skill level 5 in Axes
  3320 | D:4      | Reached XP level 6. HP: 15/38 MP: 6/6
  3340 | D:4      | Reached *** piety under Trog
  3567 | D:5      | Entered Level 5 of the Dungeon
  3590 | D:5      | Noticed Blork the orc
  3596 | D:5      | Noticed an ice beast
  3599 | D:5      | Slain by a centaur

Vault maps used:
D:1:      denvon_arrival_planthouse
D:2:      minmay_wonky_spiral, nemelex_diamond_rough_becter
D:3:      first_bread
D:4:      chequers_temple_overflow_statue_of_worship, portal_sewer_entry_e,
          serial_shops, shop
D:5:      minmay_temple_entry_overgrown, minmay_misc_feat_enclosed,
          fedhas_altar_4, uniq_blork_the_orc

Skill      XL: |  1  2  3  4  5 |
---------------+----------------+-----
Axes           | 3 4 5 |  5.3
Armour         | 3 |  3.8
Fighting       | 4 |  4.5
Dodging        | |  1.5

Action                   |  1- 3 |  4- 6 || total
-------------------------+-------+-------++-------
Melee: Hand axe          |   117 |   174 ||   291
Throw: Tomahawk          |       |     3 ||     3
Invok: Berserk           |     1 |     3 ||     4
  Eat: Fruit             |     1 |     1 ||     2
       Chunk             |     3 |     7 ||    10
Armor: Animal skin       |    36 |    27 ||    63
       Chain mail        |       |    75 ||    75
Dodge: Dodged            |    93 |   118 ||   211

Table legend:
 A = Spawn XP
 B = Non-spawn XP
 C = Spawn XP percentage of total XP
 D = Spawn monster count
 E = Non-spawn monster count
 F = Spawn count percentage of total count
 G = Total turns spent on level
                    A         B        C        D         E        F      G
               +---------+---------+-------+---------+---------+-------+---------
         Total |       0 |     507 |   0.0 |       0 |      81 |   0.0 |  3599
               +---------+---------+-------+---------+---------+-------+---------
           D:1 |       0 |      30 |   0.0 |       0 |      18 |   0.0 |   849
           D:2 |       0 |      67 |   0.0 |       0 |      21 |   0.0 |  1047
           D:3 |       0 |     120 |   0.0 |       0 |      22 |   0.0 |   591
           D:4 |       0 |     140 |   0.0 |       0 |      16 |   0.0 |  1080
           D:5 |       0 |     150 |   0.0 |       0 |       4 |   0.0 |    32
               +---------+---------+-------+---------+---------+-------+---------
